cohdb
Replays
Latest Replays
All Replays
Popular Replays
Top Player Replays
Match Explorer
How It Works
Community
CoH3 Stats
Reddit
Sign in to upload your games and track your stats! →
Sign in with Steam
Match 44755147
Unlisted
Match 44755147
Overview
Messages
Build Orders
End
Vickers Machine Gun Team
Construct Section Command Post
Infantry Section
Infantry Section
Selects Indian Artillery Battlegroup
Selects Towed ML 4.2-inch Heavy Mortar
Towed ML 4.2-inch Heavy Mortar
Construct Platoon Command Post
Unlock M3 Stuart Light Tanks
M3 Stuart Light Tank
6-pounder Anti-tank Gun Team
Construct Company Command Post
Selects Valour
Selects Gurkha Rifles Section
Gurkha Rifles Section
Gurkha Rifles Section
Selects Off-map Airburst Barrage
Thridi
Moisuke
yato1005
ydsanmateo
sniperVI
alex7eva
백은
MILK W/NO DATE ON IT
0
0
Comments
sign in to comment!
No comments posted yet!